 Dungeon Crawl Stone Soup version 0.21.1-1-g345015f (webtiles) character file.

445 empire the Ducker (level 7, -3/56 HPs)
             Began as a Gnoll Gladiator on Apr 6, 2018.
             Killed from afar by lyrx's ghost (7 damage)
             ... with a magic dart
             ... on level 5 of the Dungeon.
             The game lasted 00:08:06 (3190 turns).

empire the Ducker (Gnoll Gladiator)                 Turns: 3190, Time: 00:08:07

Health: -3/56      AC:  6    Str: 19    XL:     7   Next: 3%
Magic:  10/10      EV: 16    Int: 13    God:
Gold:   189        SH:  6    Dex: 16    Spells: 10/10 levels left

rFire    . . .     SeeInvis .   a - +0 broad axe
rCold    . . .     Gourm    .   r - +2 buckler
rNeg     . . .     Faith    .   b - +0 leather armour
rPois    .         Spirit   .   o - +0 helmet {Int+3}
rElec    .         Reflect  .   (no cloak)
rCorr    .         Harm     .   (no gloves)
MR       .....     Rnd*Tele +   i - +1 pair of boots
Stlth    ++........             (no amulet)
HPRegen  0.18/turn              j - ring of teleportation (curse)
MPRegen  0.12/turn              (no ring)

@: no status effects
A: distributed training, fangs 1, strong nose
a: no special abilities


You were on level 5 of the Dungeon.
You were very hungry.

You visited 1 branch of the dungeon, and saw 5 of its levels.

You collected 189 gold pieces.

Inventory:

Hand Weapons
 a - a +0 broad axe (weapon)
Missiles
 d - 3 throwing nets (quivered)
Armour
 b - a +0 leather armour (worn)
 i - a +1 pair of boots (worn)
 o - a +0 helmet of intelligence (worn)
 r - a +2 buckler (worn)
Jewellery
 j - a cursed ring of teleportation (left hand)
 n - a cursed ring of teleportation
Scrolls
 h - 2 scrolls of identify
 m - a scroll of noise
Potions
 l - a potion of flight
 q - a potion of cancellation
Comestibles
 f - 6 rations


   Skills:
 + Level 5.1 Fighting
 + Level 2.2 Short Blades
 + Level 2.2 Long Blades
 + Level 6.9 Axes
 + Level 2.2 Maces & Flails
 + Level 2.2 Polearms
 + Level 2.2 Staves
 + Level 2.2 Slings
 + Level 2.2 Bows
 + Level 2.2 Crossbows
 + Level 5.1 Throwing
 + Level 2.2 Armour
 + Level 6.9 Dodging
 + Level 2.2 Stealth
 + Level 2.2 Shields
 + Level 2.2 Unarmed Combat
 + Level 2.2 Spellcasting
 + Level 1.7 Conjurations
 + Level 1.7 Hexes
 + Level 1.7 Charms
 + Level 1.7 Summonings
 + Level 1.7 Necromancy
 + Level 1.7 Translocations
 + Level 1.7 Transmutations
 + Level 1.7 Fire Magic
 + Level 1.7 Ice Magic
 + Level 1.7 Air Magic
 + Level 1.7 Earth Magic
 + Level 1.7 Poison Magic
 + Level 2.4 Invocations
 + Level 2.2 Evocations


You had 10 spell levels left.
You didn't know any spells.

Dungeon Overview and Level Annotations

Branches:
Dungeon (5/15)
 Temple: D:4-7

Altars:
Ashenzari
Elyvilon
Kikubaaqudgha
Makhleb
Nemelex Xobeh
Trog

Annotations:
D:5 lyrx's ghost, novice DsCj


Innate Abilities, Weirdness & Mutations

Your experience applies equally to all skills.
You have very sharp teeth.
Your uncanny sense of smell can sniff out nearby items.


Message History

* * * LOW HITPOINT WARNING * * *
Items here: ))) [[ a flail; a scale mail; a dagger; a robe; a mace Lyrx's ghost casts a spell at you.
You block the orb of energy.
Lyrx's ghost screams, "Do you think the gods will protect you?"
Lyrx's ghost gestures at you while chanting.
The orb of energy misses you.
Lyrx's ghost gestures at you while chanting.
You block the orb of energy.
Lyrx's ghost points at you and mumbles some strange words.
The magic dart hits you!
* * * LOW HITPOINT WARNING * * *
Lyrx's ghost shrieks, "They lied to you.
The Dungeon just goes down and down forever."
Lyrx's ghost gestures at you while chanting.
The magic dart hits you!
* * * LOW HITPOINT WARNING * * *
Lyrx's ghost casts a spell at you. The magic dart hits you!
You die...

.#####......# #..#
..........†.# #..#
..........#.#######..#
#....#..........)....#
..#....####.#######.##
#......####.#######.#
..#.........W......#
..#......#########
#@###### ∆ #.# #.# ..#
..# ####


You could see lyrx's ghost.

Vanquished Creatures
  An ogre (D:4)
  The ghost of Mirai the Magician, an amateur DECj (D:3)
  A scorpion (D:4)
  A howler monkey (D:4)
  An orc wizard (D:5)
  A worker ant (D:4)
  5 adders
  2 oozes (D:1)
  2 worms
  3 dart slugs
  2 leopard geckos (D:1)
  7 orcs
  5 bats
  A bat zombie (D:2)
  6 giant cockroaches
  7 goblins
  10 hobgoblins
  6 jackals
  4 quokkas
  4 frilled lizards
  12 kobolds
  A leopard gecko skeleton (D:4)
  5 rats
  2 rat zombies (D:2)
90 creatures vanquished.

Vanquished Creatures (others)
  A frilled lizard (D:5)
1 creature vanquished.

Grand Total: 91 creatures vanquished

Notes
Turn   | Place    | Note
-------+----------+-------------------------------------------
     0 | D:1      | empire the Gnoll Gladiator began the quest for the Orb.
     0 | D:1      | Reached XP level 1. HP: 20/20 MP: 1/1
    96 | D:1      | Reached XP level 2. HP: 22/26 MP: 2/2
   208 | D:1      | Found a shattered altar of Ashenzari.
   367 | D:1      | Reached XP level 3. HP: 31/31 MP: 3/3
   629 | D:1      | Reached skill level 1 in Invocations
   920 | D:2      | Reached skill level 1 in Short Blades
   920 | D:2      | Reached skill level 1 in Long Blades
   920 | D:2      | Reached skill level 1 in Maces & Flails
   920 | D:2      | Reached skill level 1 in Polearms
   920 | D:2      | Reached skill level 1 in Staves
   920 | D:2      | Reached skill level 1 in Slings
   920 | D:2      | Reached skill level 1 in Bows
   920 | D:2      | Reached skill level 1 in Crossbows
   920 | D:2      | Reached skill level 1 in Armour
   920 | D:2      | Reached skill level 1 in Stealth
   920 | D:2      | Reached skill level 1 in Shields
   920 | D:2      | Reached skill level 1 in Unarmed Combat
   920 | D:2      | Reached skill level 1 in Spellcasting
   920 | D:2      | Reached skill level 1 in Evocations
   920 | D:2      | Reached XP level 4. HP: 36/38 MP: 5/5
  1209 | D:2      | Found a white marble altar of Elyvilon.
  1463 | D:2      | Found an ancient bone altar of Kikubaaqudgha.
  1857 | D:3      | Reached skill level 1 in Conjurations
  1857 | D:3      | Reached skill level 1 in Hexes
  1857 | D:3      | Reached skill level 1 in Charms
  1857 | D:3      | Reached skill level 1 in Summonings
  1857 | D:3      | Reached skill level 1 in Necromancy
  1857 | D:3      | Reached skill level 1 in Translocations
  1857 | D:3      | Reached skill level 1 in Transmutations
  1857 | D:3      | Reached skill level 1 in Fire Magic
  1857 | D:3      | Reached skill level 1 in Ice Magic
  1857 | D:3      | Reached skill level 1 in Air Magic
  1857 | D:3      | Reached skill level 1 in Earth Magic
  1857 | D:3      | Reached skill level 1 in Poison Magic
  2037 | D:3      | Noticed Mirai's ghost (amateur DECj)
  2054 | D:3      | Killed Mirai's ghost
  2054 | D:3      | Reached XP level 5. HP: 29/43 MP: 5/7
  2077 | D:3      | Found a bloodstained altar of Trog.
  2637 | D:4      | Noticed an ogre
  2641 | D:4      | Killed an ogre
  2641 | D:4      | Reached XP level 6. HP: 31/50 MP: 8/8
  2714 | D:4      | Reached skill level 5 in Fighting
  2714 | D:4      | Reached skill level 5 in Throwing
  3012 | D:4      | Found a burning altar of Makhleb.
  3020 | D:4      | Found a sparkling altar of Nemelex Xobeh.
  3101 | D:5      | Entered Level 5 of the Dungeon
  3154 | D:5      | Noticed lyrx's ghost (novice DsCj)
  3168 | D:5      | Reached XP level 7. HP: 18/56 MP: 10/10
  3190 | D:5      | Killed from afar by lyrx's ghost

Skill      XL: |  1  2  3  4  5  6 |
---------------+-------------------+-----
Invocations    | 1 2 |  2.4
Short Blades   | 1 2 |  2.2
Long Blades    | 1 2 |  2.2
Maces & Flails | 1 2 |  2.2
Polearms       | 1 2 |  2.2
Staves         | 1 2 |  2.2
Slings         | 1 2 |  2.2
Bows           | 1 2 |  2.2
Crossbows      | 1 2 |  2.2
Armour         | 1 2 |  2.2
Stealth        | 1 2 |  2.2
Shields        | 1 2 |  2.2
Unarmed Combat | 1 2 |  2.2
Spellcasting   | 1 2 |  2.2
Evocations     | 1 2 |  2.2
Conjurations   | 1 |  1.7
Hexes          | 1 |  1.7
Charms         | 1 |  1.7
Summonings     | 1 |  1.7
Necromancy     | 1 |  1.7
Translocations | 1 |  1.7
Transmutations | 1 |  1.7
Fire Magic     | 1 |  1.7
Ice Magic      | 1 |  1.7
Air Magic      | 1 |  1.7
Earth Magic    | 1 |  1.7
Poison Magic   | 1 |  1.7
Fighting       | 5 |  5.1
Throwing       | 5 |  5.1
Axes           | |  6.9
Dodging        | |  6.9

Action                   |  1- 3 |  4- 6 |  7- 9 || total
-------------------------+-------+-------+-------++-------
Melee: War axe           |    82 |   144 |       ||   226
       Bite              |     7 |    16 |     2 ||    25
       Broad axe         |       |    15 |     4 ||    19
  Use: Potion            |       |     4 |       ||     4
       Scroll            |       |     8 |       ||     8
 Stab: Sleeping          |     1 |     4 |       ||     5
       Invisible         |       |     3 |       ||     3
       Distracted        |       |     1 |       ||     1
  Eat: Ration            |       |     1 |       ||     1
       Chunk             |       |     3 |       ||     3
Armor: Leather armour    |    31 |    28 |     1 ||    60
Dodge: Dodged            |    96 |   138 |     3 ||   237
Block: Buckler           |       |     7 |     3 ||    10
